 Dungeon Crawl Stone Soup version 0.21-a0-528-gf531e82 (webtiles) character file.

53 Gildeon the Shooter (level 3, 0/29 HPs)
             Began as a Demigod Hunter on Dec 8, 2017.
             Slain by a gnoll
             ... wielding a +0 whip
              (7 damage)
             ... on level 1 of the Dungeon.
             The game lasted 00:06:05 (1315 turns).

Gildeon the Shooter (Demigod Hunter)                Turns: 1315, Time: 00:06:06

Health: 0/29       AC:  4    Str: 15    XL:     3   Next: 42%
Magic:  5/5        EV: 12    Int: 15    God:
Gold:   22         SH:  0    Dex: 18    Spells: 2/2 levels left

rFire    . . .     SeeInvis .   a - +1 shortbow
rCold    . . .     Gourm    .   (shield currently unavailable)
rNeg     . . .     Faith    .   c - +1 leather armour
rPois    .         Spirit   .   (no helmet)
rElec    .         Reflect  .   (no cloak)
rCorr    .         Harm     .   (no gloves)
MR       .....                  (no boots)
Stlth    ++........             (no amulet)
HPRegen  0.09/turn              (no ring)
MPRegen  0.09/turn              (no ring)

@: no status effects
A: high mp 1
a: no special abilities


You were on level 1 of the Dungeon.
You were not hungry.

You visited 1 branch of the dungeon, and saw 2 of its levels.

You collected 22 gold pieces.

Inventory:

Hand Weapons
 a - a +1 shortbow (weapon)
 b - a +0 short sword
Missiles
 d - 31 arrows (quivered)
Armour
 c - a +1 leather armour (worn)
Comestibles
 f - 2 bread rations
 h - 2 meat rations


   Skills:
 - Level 1.7 Fighting
 + Level 4.9 Bows
 - Level 1.7 Dodging
 - Level 0.8 Stealth


You had 2 spell levels left.
You didn't know any spells.

Dungeon Overview and Level Annotations

Branches:
Dungeon (2/15)


Innate Abilities, Weirdness & Mutations

You have an increased reservoir of magic. (+10% MP)


Message History

Firing (i - inventory):
d - 34 arrows (quivered)
Press: ? - help, Shift-Dir - straight line, f - gnoll
Aim: a gnoll, wielding a whip You shoot an arrow.
The arrow hits the gnoll!
The gnoll is severely wounded.
The gnoll closely misses you. The gnoll hits you but does no damage.
Firing (i - inventory):
d - 33 arrows (quivered)
Press: ? - help, Shift-Dir - straight line, f/p - gnoll
Aim: a gnoll, wielding a whip (severely wounded)
You shoot an arrow. The arrow hits the gnoll.
The gnoll is severely wounded.
The gnoll barely misses you. The gnoll hits you but does no damage.
Firing (i - inventory):
d - 32 arrows (quivered)
Press: ? - help, Shift-Dir - straight line, f/p - gnoll
Aim: a gnoll, wielding a whip (severely wounded)
You shoot an arrow. The arrow hits the gnoll.
The gnoll is almost dead.
The gnoll closely misses you. The gnoll barely misses you.
The gnoll hits you with a whip!
You die...

#.#.#####...####
####.#........##
#>.).########.# #.##.#
#.# #.##.# ##+##
##.##.# ##...##
##..#..# ##.....##
##..g#..# ##......(##
##....@..####.........#
#.....g.....'.........'
##.......####.........#
##...#.## ##.......##
##.#### ##.....## #.#
##...## #.# ##'#####
#.# #...... ###.###
#.####.


You could see 2 gnolls.

Vanquished Creatures
  An adder (D:1)
  2 dart slugs (D:1)
  3 leopard geckos (D:1)
  6 bats (D:1)
  3 giant cockroaches
  3 goblins
  7 hobgoblins
  4 kobolds (D:1)
  A frilled lizard (D:1)
  4 rats (D:1)
34 creatures vanquished.

Notes
Turn   | Place    | Note
-------+----------+-------------------------------------------
     0 | D:1      | Gildeon the Demigod Hunter began the quest for the Orb.
     0 | D:1      | Reached XP level 1. HP: 17/17 MP: 3/3
   108 | D:1      | Reached skill level 4 in Bows
   142 | D:1      | Reached XP level 2. HP: 24/24 MP: 4/4
   472 | D:1      | Reached XP level 3. HP: 29/29 MP: 5/5
  1315 | D:1      | Slain by a gnoll

Vault maps used:
D:1:      dpeg_arrival_ternary, serial_bayou_ford_a,
          hangedman_abyss_or_decor_stabs, kennysheep_decorative_pillar

Skill      XL: |  1 |
---------------+----+-----
Bows           | 4 |  4.9
Fighting       | |  1.7
Dodging        | |  1.7
Stealth        | |  0.8

Action                   || total
-------------------------++-------
 Fire: Shortbow          ||    73
  Use: Scroll            ||     3
       Potion            ||     1
  Eat: Chunk             ||     1
Armor: Leather armour    ||    11
Dodge: Dodged            ||    29

Table legend:
 A = Spawn XP
 B = Non-spawn XP
 C = Spawn XP percentage of total XP
 D = Spawn monster count
 E = Non-spawn monster count
 F = Spawn count percentage of total count
 G = Total turns spent on level
                    A         B        C        D         E        F      G
               +---------+---------+-------+---------+---------+-------+---------
         Total |       0 |      77 |   0.0 |       0 |      34 |   0.0 |  1315
               +---------+---------+-------+---------+---------+-------+---------
           D:1 |       0 |      69 |   0.0 |       0 |      30 |   0.0 |  1240
           D:2 |       0 |       8 |   0.0 |       0 |       4 |   0.0 |    75
               +---------+---------+-------+---------+---------+-------+---------
